 Dungeon Crawl Stone Soup version 0.29.0-4-gdea44cf6ec (webtiles) character file.

Game seed: 11634959266579807194

49 qw the Chopper (level 3, -4/21 HPs)
             Began as a Tengu Warper on Aug 28, 2022.
             Slain by an ice beast (11 damage)
             ... on level 3 of the Dungeon.
             The game lasted 00:00:10 (1974 turns).

qw the Chopper (Tengu Warper)                       Turns: 1974, Time: 00:00:11

Health: -4/21      AC:  5    Str: 13    XL:     3   Next: 75%
Magic:  7/7        EV: 11    Int: 13    God:
Gold:   187        SH:  0    Dex: 13    Spells: 6/6 levels left

rFire   + . .      SeeInvis .   Y - +2 hand axe
rCold   . . .      Faith    .   (no shield)
rNeg    . . .      Spirit   .   f - +0 ring mail
rPois   .          Reflect  .   (helmet restricted)
rElec   .          Harm     .   (no cloak)
rCorr   .          Rampage  .   (no gloves)
Will    .....                   (boots unavailable)
Stlth   +.........              (no amulet)
HPRegen 0.07/turn               g - ring of protection from fire
MPRegen 0.10/turn               (no ring)

@: no status effects
A: beak, talons 3
a: no special abilities


You were on level 3 of the Dungeon.
You visited 1 branch of the dungeon, and saw 3 of its levels.

You collected 187 gold pieces.


Innate Abilities, Weirdness & Mutations

You have a beak for a mouth.
You have claws for feet.


   Skills:
 - Level 2.0 Fighting
 + Level 4.4 Axes
 - Level 1.0 Throwing
 - Level 1.1 Armour
 - Level 2.1 Dodging
 - Level 2.0 Spellcasting
 - Level 2.4 Translocations


You had 6 spell levels left.
You didn't know any spells.
Your spell library contained the following spells:

 Spells                   Type           Power      Damage    Failure   Level
 Blink                    Tloc           14%        N/A       30%         2
 Gell's Gravitas          Tloc           7%         N/A       52%         3
 Lesser Beckoning         Tloc           7%         N/A       52%         3
 Teleport Other           Tloc           7%         N/A       52%         3
 Manifold Assault         Tloc           7%         N/A       99%         5

Inventory:

Hand Weapons
 e - a +0 club
 Y - a +2 hand axe (weapon)
Armour
 f - a +0 ring mail (worn)
Jewellery
 g - a ring of protection from fire (left hand)
Scrolls
 a - 2 scrolls of identify
Potions
 b - a potion of might {unknown}
 d - a potion of berserk rage {unknown}
 i - a potion of flight {unknown}
 j - a potion of heal wounds {unknown}
 m - a potion of curing {unknown}

Dungeon Overview and Level Annotations

Branches:
Dungeon (3/15)

Altars:
Qazlal


Message History

You slash the endoplasm!
You kill the endoplasm!
You now have 187 gold pieces (gained 9).
A rat comes into view.
Found a scroll of identify.
The rat moves out of view.
Enter note:
Found a scroll of fog.
You barely miss the rat. Your kick misses the rat. The rat misses you.
You hit the rat.
You kill the rat!
You see here a rat corpse.
a - 2 scrolls of identify (gained 1)
An ice beast comes into view.
Enter note: You hit the ice beast.
The ice beast is lightly wounded.
The ice beast closely misses you.
You slash the ice beast!
You claw the ice beast, but do no damage.
The ice beast is heavily wounded.
The ice beast misses you.
You barely miss the ice beast. You claw the ice beast.
The ice beast is heavily wounded.
The ice beast hits you but does no damage.
You hit the ice beast. Your kick misses the ice beast.
The ice beast is heavily wounded.
The ice beast hits you but does no damage.
You hit the ice beast.
The ice beast is severely wounded.
The ice beast hits you. The ice beast freezes you!
Ouch! That really hurt!
You barely miss the ice beast. Your kick misses the ice beast.
The ice beast is severely wounded.
The ice beast barely misses you.
You hit the ice beast but do no damage. You claw the ice beast.
The ice beast is almost dead.
The ice beast hits you. The ice beast freezes you!
Ouch! That really hurt!
You die...

.......##.#
%########.# .#
####### #.# .#
....... #.# .# #
####### #.# .#.#
# #.# .#.#### #
#.# ......# #
#.#######Y.....#
#
#.......@......#
# #
##########.....#
... .#### ... #
### .. ### .# .#


You could see an ice beast.

Vanquished Creatures
  A worm (D:2)
  6 ball pythons (D:1)
  4 endoplasms
  A giant cockroach (D:1)
  5 goblins
  6 hobgoblins
  A quokka (D:1)
  3 bats (D:1)
  3 frilled lizards
  4 kobolds (D:1)
  10 rats
44 creatures vanquished.

Notes
Turn   | Place    | Note
-------+----------+-------------------------------------------
     0 | D:1      | qw the Tengu Warper began the quest for the Orb.
     0 | D:1      | Reached XP level 1. HP: 12/12 MP: 4/4
     0 | D:1      | 0 ||| qw: Version: 0.1-a-89-g26bdef1
     0 | D:1      | 0 ||| qw: Game counter: 1859
     0 | D:1      | 0 ||| qw: Always use a shield: true
     0 | D:1      | 0 ||| qw: God list: Okawaru
     0 | D:1      | 0 ||| qw: Allow faded altars: false
     0 | D:1      | 0 ||| qw: Do Orc after D:15 true
     0 | D:1      | 0 ||| qw: Do second Lair branch before Depths: true
     0 | D:1      | 0 ||| qw: Lair rune preference: random
     0 | D:1      | 0 ||| qw: Plans: Normal
     0 | D:1      | 0 ||| PLANNING D:1-11
     9 | D:1      | Found a faded altar of an unknown god.
    87 | D:1      | Reached XP level 2. HP: 17/17 MP: 6/6
    94 | D:1      | Reached skill level 3 in Axes
   141 | D:1      | 141 ||| Stepping ~*~*~tactically~*~*~ (stealth).
   180 | D:1      | 180 ||| Stepping ~*~*~tactically~*~*~ (stealth).
   182 | D:1      | 182 ||| Stepping ~*~*~tactically~*~*~ (stealth).
   394 | D:1      | Reached XP level 3. HP: 20/21 MP: 7/7
   450 | D:1      | 450 ||| Stepping ~*~*~tactically~*~*~ (stealth).
   475 | D:1      | 475 ||| Stepping ~*~*~tactically~*~*~ (stealth).
   601 | D:1      | 601 ||| Stepping ~*~*~tactically~*~*~ (stealth).
   603 | D:1      | Reached skill level 4 in Axes
   933 | D:1      | 933 ||| UPGRADING to +0 ring mail.
   943 | D:1      | 943 ||| DROPPING +0 leather armour.
   944 | D:1      | 944 ||| READING 2 scrolls labelled ATHRIN QIKKO.
   945 | D:1      | 945 ||| READING scroll labelled RURHIYDDENG.
   946 | D:1      | 946 ||| READING scroll labelled NOJUOL MUUJA.
   947 | D:1      | 947 ||| DRINKING 2 viscous cyan potions.
   979 | D:1      | 979 ||| DROPPING scroll of blinking.
   980 | D:1      | 980 ||| DROPPING potion of lignification.
  1664 | D:2      | 1664 ||| Stepping ~*~*~tactically~*~*~ (hiding).
  1764 | D:2      | Found a stormy altar of Qazlal.
  1832 | D:2      | 1832 ||| UPGRADING to ring of protection from fire.
  1833 | D:2      | 1833 ||| READING 2 scrolls labelled TIRABI CALOP.
  1834 | D:2      | 1834 ||| READING scroll of enchant weapon.
  1834 | D:2      | 1834 ||| ENCHANTING +1 hand axe.
  1963 | D:3      | Noticed an ice beast
  1974 | D:3      | Slain by an ice beast

Levels and vault maps discovered:
D:1:      dpeg_arrival_ratfight, layout_loops_cross,
          hellmonk_ecumenical_altar_blasted, minmay_crystal_water,
          minmay_crystal_room
D:2:      layout_loops_ring, basic_altar, minmay_misc_feat_four_crosses
D:3:      layout_basic, nicolae_overflow_ecumenical_swirl

Skill      XL: |  1  2  3 |
---------------+----------+-----
Axes           | 3 4 |  4.4
Fighting       | |  2.0
Throwing       | |  1.0
Armour         | |  1.1
Dodging        | |  2.1
Spellcasting   | |  2.0
Translocations | |  2.4

Action                   || total
-------------------------++-------
Melee: Hand axe          ||    90
       Kick              ||    23
       Peck              ||     8
       Punch             ||     1
Throw: Boomerang         ||     7
  Use: Scroll            ||     5
       Potion            ||     1
Armor: Leather armour    ||    14
       Ring mail         ||     5
Dodge: Dodged            ||    35

Table legend:
 A = Non-vault XP
 B = Vault XP
 C = Vault XP percentage of total XP
 D = Non-vault monster count
 E = Vault monster count
 F = Vault count percentage of total count
                 A         B        C        D         E       F
            +---------+---------+-------+---------+---------+-------
      Total |      65 |       5 |   7.1 |      39 |       5 |  11.4
            +---------+---------+-------+---------+---------+-------
        D:1 |      51 |       5 |   8.9 |      32 |       5 |  13.5
        D:2 |      11 |       0 |   0.0 |       5 |       0 |   0.0
        D:3 |       3 |       0 |   0.0 |       2 |       0 |   0.0
            +---------+---------+-------+---------+---------+-------
